 Dungeon Crawl Stone Soup version 0.20-a0-251-g16a58bf (webtiles) character file.

25 RonnieColeman the Conjurer (level 3, 0/21 HPs)
             Began as an Octopode Conjurer on Nov 30, 2016.
             Slain by a jackal (2 damage)
             ... on level 1 of the Dungeon.
             The game lasted 00:01:18 (432 turns).

RonnieColeman the Conjurer (Octopode Conjurer)       Turns: 432, Time: 00:01:19

Health: 0/21       AC:  1    Str:  7    XL:     3   Next: 4%
Magic:  1/7        EV: 13    Int: 18    God:
Gold:   56         SH:  0    Dex: 12    Spells: 7/8 levels left

rFire  . . .     SeeInvis .     d - +0 whip
rCold  . . .     Gourm    .     (no shield)
rNeg   . . .     Faith    .     (helmet restricted)
rPois  .         Spirit   .     (no amulet)
rElec  .         Reflect  .     (no ring)
rCorr  .         Harm     .     (no ring)
MR     .....                    (no ring)
Stlth  +++.......               (no ring)
                                (no ring)
                                (no ring)
                                (no ring)
                                (no ring)

@: no status effects
A: almost no armour, stealthy swim, amphibious, 8 rings, constrict 8, camouflage
1, gelatinous body 1
a: no special abilities


You were on level 1 of the Dungeon.
You were not hungry.

You visited 1 branch of the dungeon, and saw 1 of its levels.

You collected 56 gold pieces.

Inventory:

Hand Weapons
 d - a +0 whip (weapon)
Scrolls
 e - 3 scrolls of remove curse {unknown}
 g - a scroll of teleportation {unknown}
 h - a scroll of fog {unknown}
Potions
 c - a potion of invisibility {unknown}
Books
 a - a book of Conjurations

   Spells                             Type                      Level
   a - Magic Dart                     Conjuration                  1
   b - Searing Ray                    Conjuration                  2
   c - Dazzling Spray                 Conjuration/Hexes            3
   d - Fulminant Prism                Conjuration/Hexes            4
   e - Iskenderun's Mystic Blast      Conjuration                  4
   f - Iskenderun's Battlesphere      Conjuration/Charms           5
Comestibles
 b - a bread ration
 f - 2 fruits


   Skills:
 - Level 2.0 Dodging
 - Level 2.6 Stealth
 * Level 3.0 Spellcasting
 + Level 4.2 Conjurations


You had 7 spell levels left.
You knew the following spells:

 Your Spells              Type           Power        Failure   Level  Hunger
a - Magic Dart            Conj           ###.         3%          1    None


Dungeon Overview and Level Annotations

Branches:
Dungeon (1/15)

Altars:


Innate Abilities, Weirdness & Mutations

You cannot wear most types of armour.
You are very stealthy in the water. (Stealth+)
You are amphibious.
You can wear up to eight rings at the same time.
You can use your tentacles to constrict eight enemies at once.
Your skin changes colour to match your surroundings (Stealth+).
Your rubbery body absorbs attacks. (AC +1, EV +1)


Message History

You hit the jackal. Your grab misses the jackal.
The jackal is heavily wounded.
The jackal closely misses you. The jackal bites you.
* * * LOW HITPOINT WARNING * * *
You hit the jackal. You grab the jackal.
The jackal is severely wounded.
You constrict the jackal. The jackal bites you.
* * * LOW HITPOINT WARNING * * *
The jackal bites you.
* * * LOW HITPOINT WARNING * * *
The jackal bites you but does no damage.
The jackal closely misses you.
You hit the jackal.
You kill the jackal!
Your Spellcasting skill increases to level 3!
The jackal bites you but does no damage.
You closely miss the jackal. Your grab misses the jackal. The jackal bites you.
* * * LOW HITPOINT WARNING * * *
The jackal bites you.
You die...

...#...####......#
.....÷.#.##.######
.......#.##.# #######
.......#.##.#### .......
#..............##.......
#......##.......#.......
##'#...##...#...+.......
#..##.##.......#†......
##. #.###......@.......
#. #.# ###.....h......
... ....###........ ..
##### #........
##....... .......
....... #######


You could see a jackal.

Vanquished Creatures
  3 bats (D:1)
  2 giant cockroaches (D:1)
  4 goblins (D:1)
  A hobgoblin (D:1)
  4 jackals (D:1)
  4 frilled lizards (D:1)
  A kobold (D:1)
  6 rats (D:1)
25 creatures vanquished.

Notes
Turn   | Place    | Note
-------+----------+-------------------------------------------
     0 | D:1      | RonnieColeman the Octopode Conjurer began the quest for the Orb.
     0 | D:1      | Reached XP level 1. HP: 11/11 MP: 3/3
    28 | D:1      | Reached XP level 2. HP: 15/17 MP: 1/5
   428 | D:1      | Reached XP level 3. HP: 13/21 MP: 1/7
   432 | D:1      | Slain by a jackal

Vault maps used:
D:1:      minmay_arrival_three_doors, st_stairs_1

Skill      XL: |  1  2  3 |
---------------+----------+-----
Spellcasting   | 3 |  3.0
Dodging        | |  2.0
Stealth        | |  2.6
Conjurations   | |  4.2

Action                   || total
-------------------------++-------
Melee: Unarmed           ||    18
       Constrict         ||     6
       Tentacles         ||     2
       Whip              ||    11
 Cast: Magic Dart        ||    23
 Stab: Sleeping          ||     1
Armor: Skin              ||    11
Dodge: Dodged            ||    26
